[Event "ICC tourney 2069 (15 5)"]
[Site "Internet Chess Club"]
[Date "2020.10.18"]
[Round "7"]
[White "hi321"]
[Black "CastledQueen"]
[Result "0-1"]
[ICCResult "White checkmated"]
[WhiteElo "1440"]
[BlackElo "1658"]
[Opening "QP counter-gambit (elephant gambit)"]
[ECO "C40"]
[NIC "KP.10"]
[Time "18:03:23"]
[TimeControl "900+5"]

1. e4 e5 2. Nf3 d5 3. exd5 e4 4. Ng1 Qxd5 5. Nc3 Qe6 6. Nge2 Nf6 7. d3 exd3
8. Qxd3 Bd6 9. Be3 O-O 10. O-O-O Nc6 11. h4 Nb4 12. Qd2 Nxa2+ 13. Kb1 Nb4
14. h5 Ne4 15. Qe1 Be5 16. Nd4 Nxc3+ 17. Qxc3 Qa2+ 18. Kc1 Nd5 19. Qd3 c5
20. Nf3 Qxb2+ 21. Kd2 Bc3+ 22. Ke2 Nb4 23. Qe4 Nxc2 24. h6 Nd4+ 25. Kd3 c4+
26. Kxc4 b5+ 27. Kd5 Bb7+ 28. Ke5 Nxf3+ 29. Kf4 Bxe4 30. Kxe4 Ne5 31. hxg7
f5+ 32. Kf4 Ng6+ 33. Kg5 Bf6+ 34. Kh5 Bxg7 35. Be2 Qxe2+ 36. Kg5 Qg4#
{White checkmated}
0-1

[Event "ICC tourney 2069 (15 5)"]
[Site "Internet Chess Club"]
[Date "2020.10.18"]
[Round "7"]
[White "ROWLAND"]
[Black "Roger436"]
[Result "0-1"]
[ICCResult "White checkmated"]
[WhiteElo "1638"]
[BlackElo "1656"]
[Opening "Sicilian: accelerated fianchetto, Breyer variation"]
[ECO "B39"]
[NIC "SI.33"]
[Time "18:03:00"]
[TimeControl "900+5"]

1. e4 c5 2. Nf3 Nc6 3. d4 cxd4 4. Nxd4 g6 5. c4 Bg7 6. Be3 Nf6 7. Nc3 Ng4 8.
Qxg4 Nxd4 9. Qd1 e5 10. Bd3 d6 11. O-O O-O 12. Qd2 Be6 13. Bh6 Rc8 14. Bxg7
Kxg7 15. b3 f5 16. f4 Qb6 17. Kh1 Qc7 18. Nd5 Bxd5 19. cxd5 Qc3 20. Qxc3
Rxc3 21. Rfd1 exf4 22. Bc4 b5 23. Rxd4 bxc4 24. Rxc4 Rxc4 25. bxc4 fxe4 26.
Kg1 Kf6 27. Kf2 Ke5 28. Rd1 Rc8 29. Rb1 Rxc4 30. Rb7 Rc2+ 31. Ke1 Rxa2 32.
Rxh7 Kd4 33. Rg7 Ke3 34. Kd1 Rxg2 35. Rd7 Rd2+ 36. Ke1 Rxd5 37. Rxa7 f3 38.
Rg7 f2+ 39. Kf1 Rd1+ 40. Kg2 f1=Q+ 41. Kg3 Qf4+ 42. Kg2 Rd2+ 43. Kg1 Qxh2+
44. Kf1 Qh1# {White checkmated} 0-1

[Event "ICC tourney 2069 (15 5)"]
[Site "Internet Chess Club"]
[Date "2020.10.18"]
[Round "7"]
[White "Legolas08"]
[Black "ashvathk5"]
[Result "1-0"]
[ICCResult "Black checkmated"]
[WhiteElo "1580"]
[BlackElo "1377"]
[Opening "QGA: 3.e4"]
[ECO "D20"]
[NIC "QG.04"]
[Time "18:02:44"]
[TimeControl "900+5"]

1. d4 d5 2. c4 dxc4 3. e4 Nf6 4. Nc3 Nc6 5. Nf3 e6 6. e5 Nd7 7. Bxc4 Bb4 8.
Ng5 O-O 9. Qd3 g6 10. Qh3 h5 11. g4 Nxd4 12. gxh5 Nc2+ 13. Kf1 Bxc3 14. hxg6
Re8 15. Qh7+ Kf8 16. Qxf7# {Black checkmated} 1-0

[Event "ICC tourney 2069 (15 5)"]
[Site "Internet Chess Club"]
[Date "2020.10.18"]
[Round "7"]
[White "pranavchalla"]
[Black "blueidolon"]
[Result "1-0"]
[ICCResult "Black resigns"]
[WhiteElo "1195"]
[BlackElo "1069"]
[Opening "Giuoco Piano: four knights variation"]
[ECO "C46"]
[NIC "KP.06"]
[Time "18:02:54"]
[TimeControl "900+5"]

1. e4 e5 2. Nf3 Nc6 3. Nc3 Bc5 4. Bc4 Nf6 5. Ng5 O-O 6. O-O h6 7. Nf3 d6 8.
d4 Nxd4 9. Nxd4 Bxd4 10. Nd5 c6 11. Nxf6+ Qxf6 12. Qf3 Qxf3 13. gxf3 b5 14.
Bd3 Be6 15. Be3 Bxe3 16. fxe3 Bc4 17. Bxc4 bxc4 18. Kf2 Rab8 19. Rab1 Rfe8
20. Kg2 Re6 21. Kf2 d5 22. exd5 cxd5 23. e4 dxe4 24. fxe4 Rf6+ 25. Ke2 Rg6
26. Kd2 Rg2+ 27. Ke3 Rxh2 28. Rf2 Rh3+ 29. Rf3 Rxf3+ 30. Kxf3 c3 31. Ke3
cxb2 32. Kd2 Kh7 33. Kc3 Kg6 34. Rxb2 Rxb2 35. Kxb2 Kg5 36. c4 Kf4 37. c5
Kxe4 38. c6 Kd5 39. c7 e4 40. c8=Q e3 41. Qe8 Kd4 42. Qa4+ Kd3 43. Qa3+ Kd4
44. Kc1 Ke4 45. Kd1 Kf3 46. Ke1 g5 47. Qxa7 g4 48. Qxf7+ Ke4 49. Qf1 g3 50.
Qg1 Kf4 51. Qf1+ Ke4 52. Ke2 h5 53. Qg2+ Kf4 54. a4 h4 55. Qf1+ Ke4 56. Qf3+
Kd4 57. Qxe3+ Kc4 58. Qf4+ Kb3 59. Qxh4 g2 60. Kf2 {Black resigns} 1-0

[Event "ICC tourney 2069 (15 5)"]
[Site "Internet Chess Club"]
[Date "2020.10.18"]
[Round "7"]
[White "sahti2009"]
[Black "kushood"]
[Result "0-1"]
[ICCResult "White checkmated"]
[WhiteElo "1174"]
[BlackElo "1388"]
[Opening "Queen's pawn game"]
[ECO "D05"]
[NIC "QO.17"]
[Time "18:03:06"]
[TimeControl "900+5"]

1. d4 e6 2. Nf3 d5 3. e3 Nf6 4. Bd3 Nbd7 5. O-O Be7 6. b3 O-O 7. Bb2 Re8 8.
Nbd2 c6 9. Ne5 Nxe5 10. dxe5 Nd7 11. Nf3 f6 12. c4 fxe5 13. Nxe5 Nxe5 14.
Bxe5 Bf6 15. Bxf6 Qxf6 16. Qh5 g6 17. Qg4 e5 18. Qg3 e4 19. Be2 Re5 20. f3
Rg5 21. Qc7 Bh3 22. fxe4 Rxg2+ 23. Kh1 Rf2 24. Rxf2 Qxf2 25. Bd3 Qg2#
{White checkmated}
0-1

[Event "ICC tourney 2069 (15 5)"]
[Site "Internet Chess Club"]
[Date "2020.10.18"]
[Round "7"]
[White "BreatheChessAls"]
[Black "Goran21"]
[Result "0-1"]
[ICCResult "White resigns"]
[WhiteElo "1938"]
[BlackElo "2097"]
[Opening "Queen's pawn: London system"]
[ECO "A45"]
[NIC "QP.07"]
[Time "18:02:57"]
[TimeControl "900+5"]

1. d4 Nf6 2. Bf4 g6 3. e3 Bg7 4. Nf3 O-O 5. Be2 c5 6. c3 cxd4 7. exd4 d6 8.
h3 Bf5 9. Nbd2 Nc6 10. O-O Nd5 11. Bh2 e5 12. Nc4 Re8 13. Ne3 Nxe3 14. fxe3
exd4 15. exd4 Be4 16. Bd3 d5 17. Kh1 Qd7 18. Ng5 f5 19. Bxe4 fxe4 20. Rf7
Re7 21. Rxe7 Qxe7 22. Qg4 Re8 23. Rf1 h6 24. Nf7 Kh7 25. Bd6 Qe6 26. Qh4 Kg8
27. Ba3 g5 28. Qh5 e3 29. Re1 Qxf7 30. Qxf7+ Kxf7 {White resigns} 0-1

[Event "ICC tourney 2069 (15 5)"]
[Site "Internet Chess Club"]
[Date "2020.10.18"]
[Round "7"]
[White "MikeVillages57"]
[Black "adimaj"]
[Result "1-0"]
[ICCResult "Black resigns"]
[WhiteElo "1289"]
[BlackElo "1333"]
[Opening "Sicilian: closed, Korchnoi variation"]
[ECO "B23"]
[NIC "SI.44"]
[Time "18:03:02"]
[TimeControl "900+5"]

1. e4 c5 2. Nc3 e6 3. g3 d5 4. exd5 exd5 5. Bg2 Nf6 6. Nge2 Be6 7. O-O Be7
8. Nf4 Bg4 9. Qe1 O-O 10. Ncxd5 Nxd5 11. Nxd5 Re8 12. d3 Nc6 13. Qc3 Rc8 14.
Bd2 b5 15. Nxe7+ Qxe7 16. Rfe1 Qd6 17. Bf4 Rxe1+ 18. Rxe1 Qd4 19. Bxc6 Qxc3
20. bxc3 Be6 21. Bxb5 Bxa2 22. Re8+ Rxe8 23. Bxe8 Bb1 24. Ba4 f6 25. Bd6 c4
26. dxc4 Ba2 27. c5 Kf7 28. Bb3+ Bxb3 29. cxb3 Ke6 30. b4 Kd7 31. Kg2 Kc6
32. Kf3 a5 33. bxa5 Kb5 {Black resigns} 1-0

[Event "ICC tourney 2069 (15 5)"]
[Site "Internet Chess Club"]
[Date "2020.10.18"]
[Round "7"]
[White "OnseySeyon"]
[Black "skyler-kelly"]
[Result "0-1"]
[ICCResult "White resigns"]
[WhiteElo "1810"]
[BlackElo "1545"]
[Opening "Queen's pawn game, Krause variation"]
[ECO "D02"]
[NIC "QP.08"]
[Time "18:02:59"]
[TimeControl "900+5"]

1. d4 d5 2. Nf3 c5 3. e3 Nc6 4. Be2 Bf5 5. O-O e6 6. c3 Nf6 7. Nbd2 Rc8 8.
b3 Bd6 9. Bb2 Qe7 10. dxc5 Bxc5 11. c4 dxc4 12. Nxc4 O-O 13. Nfe5 Nxe5 14.
Nxe5 Rfd8 15. Nd3 Ne4 16. Rc1 Bb6 17. Rxc8 Rxc8 18. Bf3 Rd8 19. Qe2 Ng5 20.
Ne5 f6 21. Nc4 Bd3 22. Qe1 Nxf3+ 23. gxf3 Bxf1 24. Qxf1 Bc5 25. h3 b5 26.
Na5 Qd7 27. Kh2 Qc7+ 28. f4 Qxa5 29. Qg2 Bxe3 30. Bxf6 Bxf4+ 31. Kg1 Rd1+
{White resigns}
0-1

[Event "ICC tourney 2069 (15 5)"]
[Site "Internet Chess Club"]
[Date "2020.10.18"]
[Round "7"]
[White "musk6868"]
[Black "prkukuku"]
[Result "1-0"]
[ICCResult "Black resigns"]
[WhiteElo "2039"]
[BlackElo "1363"]
[Opening "Ruy Lopez: Steinitz defense deferred (Russian defense)"]
[ECO "C79"]
[NIC "RL.07"]
[Time "18:03:08"]
[TimeControl "900+5"]

1. e4 e5 2. Nf3 Nc6 3. Bb5 Nf6 4. O-O a6 5. Ba4 d6 6. Re1 Bd7 7. c3 b5 8.
Bc2 Be6 9. d4 exd4 10. cxd4 d5 11. e5 Ng4 12. h3 Nh6 13. Nc3 Bb4 14. Bg5 Be7
15. Bxe7 Qxe7 16. Bb3 Rd8 17. Rc1 Nf5 18. Nxb5 axb5 19. Rxc6 O-O 20. Qc1 Rc8
21. Qc5 Bd7 22. Rxc7 Rxc7 23. Qxc7 Rc8 24. Qb7 Qe6 {Black resigns} 1-0

[Event "ICC tourney 2069 (15 5)"]
[Site "Internet Chess Club"]
[Date "2020.10.18"]
[Round "7"]
[White "shreyanshdaga"]
[Black "Jwagner354"]
[Result "0-1"]
[ICCResult "White checkmated"]
[WhiteElo "372"]
[BlackElo "1204"]
[Opening "Petrov's defense"]
[ECO "C42"]
[NIC "RG.03"]
[Time "18:05:33"]
[TimeControl "900+5"]

1. e4 e5 2. Nf3 Nf6 3. Nxe5 Nc6 4. Nxc6 dxc6 5. Bc4 Nxe4 6. Qe2 Qe7 7. d3
Nd6 8. Qxe7+ Bxe7 9. O-O Nxc4 10. dxc4 Bf5 11. c3 O-O 12. Nd2 Bd6 13. Nf3
Bd3 14. Rd1 Bxc4 15. b3 Be2 16. Re1 Rae8 17. Bg5 Bxf3 18. Rxe8 Rxe8 19. gxf3
h6 20. Be3 Re5 21. Bd4 Rg5+ 22. Kh1 Rh5 23. Re1 Rxh2+ 24. Kg1 c5 25. Be5 Rh5
26. Bxd6 cxd6 27. Re8+ Kh7 28. Ra8 a6 29. Rb8 b5 30. Rb6 Rg5+ 31. Kf1 h5 32.
Rxd6 h4 33. Rd1 h3 34. Ke2 Rg2 35. Rh1 h2 36. Ke3 Rg1 37. Rxh2+ Kg8 38. Rh5
Re1+ 39. Kd2 Re7 40. Rxc5 Rd7+ 41. Kc2 f6 42. Rc6 Kf8 43. Rxa6 Ke7 44. Ra5
Rd5 45. c4 Rf5 46. cxb5 Rxf3 47. b6 Rxf2+ 48. Kc3 Kd8 49. b7 Kc7 50. Ra7
Rf3+ 51. Kd2 g5 52. Ke2 Rc3 53. a4 Rxb3 54. Kf2 f5 55. a5 g4 56. a6 f4 57.
Ra8 g3+ 58. Kg2 Rb2+ 59. Kg1 f3 60. Kf1 Rf2+ 61. Kg1 Rb2 62. Kf1 f2 63.
b8=Q+ Rxb8 64. Ra7+ Kc8 65. Kg2 Rb1 66. Rc7+ Kxc7 67. a7 Kb7 68. a8=Q+ Kxa8
69. Kxg3 f1=Q 70. Kg4 Qg1+ 71. Kf4 Kb7 72. Kf3 Kc6 73. Kf4 Qc1+ 74. Kf3 Rb3+
75. Kf2 Qb2+ 76. Ke1 Rc3 77. Kd1 Qh2 78. Ke1 Ra3 79. Kd1 Ra2 80. Kc1 Qh1#
{White checkmated}
0-1

[Event "ICC tourney 2069 (15 5)"]
[Site "Internet Chess Club"]
[Date "2020.10.18"]
[Round "7"]
[White "greasyaluminum"]
[Black "pauldepstein"]
[Result "1-0"]
[ICCResult "Black checkmated"]
[WhiteElo "1433"]
[BlackElo "1153"]
[Opening "Two knights defense (Modern bishop's opening)"]
[ECO "C55"]
[NIC "IG.01"]
[Time "18:03:10"]
[TimeControl "900+5"]

1. e4 e5 2. Nf3 Nc6 3. Bc4 Nf6 4. d3 d6 5. Nc3 Be6 6. Bb3 h6 7. Be3 Be7 8.
Nd5 Bxd5 9. exd5 Nb8 10. O-O Nbd7 11. d4 e4 12. Nd2 O-O 13. Qe2 c6 14. dxc6
bxc6 15. c3 d5 16. f3 Qc7 17. fxe4 dxe4 18. Bf4 Bd6 19. Bxd6 Qxd6 20. Nxe4
Nxe4 21. Qxe4 Rae8 22. Bxf7+ Kh8 23. Bxe8 Nf6 24. Qg6 Rxe8 25. Rxf6 Qe6 26.
Rxe6 Rxe6 27. Qxe6 Kh7 28. Qxc6 a5 29. Rf1 h5 30. d5 g6 31. d6 g5 32. d7 a4
33. d8=Q a3 34. Rf7# {Black checkmated} 1-0

[Event "ICC tourney 2069 (15 5)"]
[Site "Internet Chess Club"]
[Date "2020.10.18"]
[Round "7"]
[White "mgelgi"]
[Black "weakfish"]
[Result "0-1"]
[ICCResult "White checkmated"]
[WhiteElo "1428"]
[BlackElo "1539"]
[Opening "Caro-Kann defense"]
[ECO "B10"]
[NIC "CK.01"]
[Time "18:02:58"]
[TimeControl "900+5"]

1. e4 c6 2. Nf3 d5 3. exd5 cxd5 4. Nc3 a6 5. d4 Bg4 6. h3 Bh5 7. g4 Bg6 8.
Be3 e6 9. Bd3 Bxd3 10. Qxd3 Nd7 11. O-O-O Rc8 12. Bg5 Be7 13. Qe3 h6 14.
Bxe7 Nxe7 15. Ne5 Nxe5 16. dxe5 O-O 17. f4 Qa5 18. g5 hxg5 19. fxg5 Nf5 20.
Qf3 d4 21. Ne2 Qxa2 22. Qxb7 Rb8 23. Qe4 Qxb2+ 24. Kd2 Qb4+ 25. c3 dxc3+ 26.
Nxc3 Rfd8+ 27. Kc2 Qb2# {White checkmated} 0-1

[Event "ICC tourney 2069 (15 5)"]
[Site "Internet Chess Club"]
[Date "2020.10.18"]
[Round "7"]
[White "ARJUNCHESS05"]
[Black "Ritvik08"]
[Result "0-1"]
[ICCResult "White checkmated"]
[WhiteElo "1228"]
[BlackElo "1097"]
[Opening "Petrov's defense"]
[ECO "C42"]
[NIC "RG.03"]
[Time "18:02:38"]
[TimeControl "900+5"]

1. e4 e5 2. Nf3 Nf6 3. Nxe5 Nc6 4. Nd3 Nxe4 5. Qe2 Qe7 6. f3 Nd4 7. Qe3
Nxc2+ 8. Ke2 Nxe3 9. Kxe3 Ng3+ 10. Kf2 Nxh1+ 11. Kg1 Qe6 12. Kxh1 d6 13. Nc3
Qc4 14. b3 Qh4 15. g3 Qh5 16. g4 Bxg4 17. fxg4 Qxg4 18. Nf2 Qf4 19. Kg1 Be7
20. d4 Qxd4 21. Nb5 Qb6 22. h4 Bxh4 23. b4 Qxf2+ 24. Kh1 Qxf1+ 25. Kh2 Qf2+
26. Kh1 Bg3 27. Nxc7+ Kd7 28. Bb2 Qh2# {White checkmated} 0-1

[Event "ICC tourney 2069 (15 5)"]
[Site "Internet Chess Club"]
[Date "2020.10.18"]
[Round "7"]
[White "lucasnc"]
[Black "blackjack721"]
[Result "0-1"]
[ICCResult "White checkmated"]
[WhiteElo "1345"]
[BlackElo "1463"]
[Opening "QGD: 4.Bg5 Be7"]
[ECO "D53"]
[NIC "QO.13"]
[Time "18:03:06"]
[TimeControl "900+5"]

1. d4 d5 2. c4 e6 3. Nc3 Nf6 4. Bg5 Be7 5. Bxf6 Bxf6 6. e4 c6 7. cxd5 cxd5
8. Bb5+ Bd7 9. Qa4 O-O 10. Bxd7 Nxd7 11. exd5 Nb6 12. Qb5 Bxd4 13. dxe6 Qf6
14. exf7+ Rxf7 15. Nf3 Bxc3+ 16. bxc3 Qxc3+ 17. Ke2 Re7+ 18. Ne5 Rxe5+ 19.
Qxe5 Qxe5+ 20. Kd2 Rd8+ 21. Kc2 Qc5+ 22. Kb3 Qc4+ 23. Kb2 Rd2+ 24. Ka3 Qc3#
{White checkmated}
0-1

[Event "ICC tourney 2069 (15 5)"]
[Site "Internet Chess Club"]
[Date "2020.10.18"]
[Round "7"]
[White "tidalwave09"]
[Black "SatvikSharma"]
[Result "1-0"]
[ICCResult "Black checkmated"]
[WhiteElo "1421"]
[BlackElo "1393"]
[Opening "Queen's gambit accepted"]
[ECO "D20"]
[NIC "QG.03"]
[Time "18:03:48"]
[TimeControl "900+5"]

1. d4 d5 2. c4 dxc4 3. e3 Nf6 4. Bxc4 Nc6 5. Nf3 Bg4 6. O-O e5 7. h3 Bxf3 8.
Qxf3 exd4 9. exd4 a6 10. Re1+ Be7 11. d5 Na5 12. b3 Nxc4 13. bxc4 O-O 14.
Nc3 Bb4 15. Re3 Re8 16. Bb2 Rxe3 17. Qxe3 Bxc3 18. Bxc3 h6 19. Re1 Kf8 20.
Bb4+ Kg8 21. Be7 Qe8 22. Qc3 Qd7 23. Bxf6 gxf6 24. Qxf6 Kh7 25. Re7 Qxe7 26.
Qxe7 Kg6 27. g4 Rc8 28. h4 h5 29. gxh5+ Kxh5 30. Qg5# {Black checkmated} 1-0

[Event "ICC tourney 2069 (15 5)"]
[Site "Internet Chess Club"]
[Date "2020.10.18"]
[Round "7"]
[White "NightMovesTN"]
[Black "caratclownery"]
[Result "1-0"]
[ICCResult "Black checkmated"]
[WhiteElo "2261"]
[BlackElo "1967"]
[Opening "King's Indian: 4.e4"]
[ECO "E76"]
[NIC "KI.32"]
[Time "18:03:00"]
[TimeControl "900+5"]

1. d4 Nf6 2. c4 g6 3. Nc3 Bg7 4. e4 O-O 5. f4 d6 6. Nf3 Re8 7. Be2 c5 8. O-O
cxd4 9. Nxd4 Nc6 10. Be3 a6 11. Rc1 Qc7 12. Nd5 Qd8 13. Nxc6 bxc6 14. Bb6
Qd7 15. Nc7 Rb8 16. Nxe8 Qxe8 17. Bd4 Nxe4 18. Bxg7 Kxg7 19. Qd4+ Nf6 20.
Bf3 c5 21. Qc3 Bf5 22. g4 Bd7 23. g5 Bf5 24. Rfe1 Qd7 25. Re2 h6 26. gxf6+
exf6 27. Rd1 Rb6 28. Rde1 Be6 29. f5 Bxf5 30. Re7 Qc8 31. Bd5 h5 32. Rxf7+
Kh6 33. Qd2+ g5 34. Rxf6+ Bg6 35. Rxg6+ Kxg6 36. Re6+ Kf7 37. Qf2+ Kg7 38.
Qf6+ Kh7 39. Qh6+ Kg8 40. Re8# {Black checkmated} 1-0

[Event "ICC tourney 2069 (15 5)"]
[Site "Internet Chess Club"]
[Date "2020.10.18"]
[Round "7"]
[White "alfvelas1"]
[Black "mahugege"]
[Result "1-0"]
[ICCResult "Black checkmated"]
[WhiteElo "1397"]
[BlackElo "1349"]
[Opening "Sicilian: Alapin's variation (2.c3)"]
[ECO "B22"]
[NIC "SI.46"]
[Time "18:02:48"]
[TimeControl "900+5"]

1. e4 c5 2. c3 d5 3. exd5 Qxd5 4. d4 Nc6 5. Nf3 Nf6 6. Be2 Bg4 7. O-O Qd7 8.
dxc5 Qxd1 9. Rxd1 e6 10. b4 Be7 11. h3 Bf5 12. Na3 O-O 13. Nc4 Ne4 14. Bb2
a5 15. a3 axb4 16. axb4 Rxa1 17. Rxa1 Rd8 18. Nb6 Nd2 19. Ra8 Nxf3+ 20. Bxf3
Rxa8 21. Nxa8 Bd8 22. Nb6 Bf6 23. Bxc6 bxc6 24. Nc4 Kf8 25. Kf1 Ke7 26. Ke2
Bg5 27. Ne5 Be4 28. f3 Bb1 29. Nxc6+ Kd7 30. Nd4 Ba2 31. g3 Bc4+ 32. Kf2 e5
33. Nc2 Bd2 34. Ne3 Be6 35. h4 Kc6 36. Ke2 Bxe3 37. Kxe3 f6 38. f4 exf4+ 39.
gxf4 h6 40. Kd4 g5 41. hxg5 fxg5 42. fxg5 hxg5 43. Bc1 g4 44. Bf4 Bd7 45. c4
Be6 46. b5+ Kb7 47. Bd6 Kc8 48. b6 Kb7 49. Bg3 Kc6 50. Bd6 Bd7 51. Ke4 Bc8
52. Kf4 Be6 53. Kg3 Bd7 54. Bf8 Be6 55. Bd6 Bd7 56. Kf4 Be6 57. Kg5 Bd7 58.
Kf6 Bc8 59. Ke7 Bd7 60. b7 Kxb7 61. Kxd7 Ka6 62. c6 Ka7 63. c7 g3 64. Bxg3
Kb6 65. c8=R Ka5 66. c5 Kb5 67. c6 Kc5 68. c7 Kd5 69. Re8 Kd4 70. c8=R Kd3
71. Ke6 Ke2 72. Kf6+ Kf3 73. Bb8 Kg2 74. Rc7 Kf3 75. Rf7 Kf2 76. Kg7+ Kg2
77. Rg8 Kh3 78. Kf8 Kh4 79. Rh7# {Black checkmated} 1-0

[Event "ICC tourney 2069 (15 5)"]
[Site "Internet Chess Club"]
[Date "2020.10.18"]
[Round "7"]
[White "anandmenon"]
[Black "Newton209"]
[Result "0-1"]
[ICCResult "White checkmated"]
[WhiteElo "876"]
[BlackElo "1004"]
[Opening "Giuoco Piano"]
[ECO "C50"]
[NIC "IG.02"]
[Time "18:06:22"]
[TimeControl "900+5"]

1. e4 e5 2. Nf3 Nc6 3. Bc4 Bc5 4. O-O Nf6 5. Nc3 O-O 6. b4 Bxb4 7. Na4 d6 8.
c3 Bc5 9. h4 Bg4 10. Nh2 Bxd1 11. Rxd1 Nxe4 12. d3 Bxf2+ 13. Kf1 Nxc3 14.
Bb2 Nxa4 15. Kxf2 Qxh4+ 16. Kg1 Nxb2 17. Rdb1 Nxc4 18. a4 Nd2 19. Rd1 Rfe8
20. Rxd2 Qd4+ 21. Kh1 Qxa1+ 22. Rd1 Qxd1+ 23. Nf1 Qxf1+ 24. Kh2 e4 25. g4
exd3 26. g5 d2 27. g6 d1=Q 28. gxh7+ Kxh7 29. Kg3 Qdf3+ 30. Kh4 Q1h3+ 31.
Kg5 Qhf5+ 32. Kh4 Q3g4# {White checkmated} 0-1

[Event "ICC tourney 2069 (15 5)"]
[Site "Internet Chess Club"]
[Date "2020.10.18"]
[Round "7"]
[White "premierchess"]
[Black "Tacticsguy52"]
[Result "1/2-1/2"]
[ICCResult "Game drawn by mutual agreement"]
[WhiteElo "2154"]
[BlackElo "1922"]
[Opening "Ruy Lopez: closed, 7...O-O"]
[ECO "C88"]
[NIC "RL.17"]
[Time "18:02:59"]
[TimeControl "900+5"]

1. e4 e5 2. Nf3 Nc6 3. Bb5 a6 4. Ba4 Nf6 5. O-O Be7 6. Re1 b5 7. Bb3 O-O 8.
d3 d6 9. h3 Na5 10. c3 Nxb3 11. axb3 c5 12. Nbd2 h6 13. Nf1 Be6 14. Ng3 Qd7
15. d4 exd4 16. cxd4 Qc7 17. Bf4 Qb6 18. d5 Bd7 19. Be3 Nh7 20. b4 f6 21.
bxc5 dxc5 22. b4 Rfc8 23. Rc1 a5 24. bxc5 Bxc5 25. Bxc5 Rxc5 26. Rxc5 Qxc5
27. Nd4 a4 28. Ngf5 Bxf5 29. Nxf5 a3 30. Qg4 Ng5 31. h4 a2 32. hxg5 a1=Q 33.
Rxa1 Rxa1+ 34. Kh2 hxg5 35. d6 Qxf2 36. Ne7+ Kf7 37. Qh5+ Ke6 38. Qg4+ Kf7
39. Qh5+ Ke6 40. Qg4+ {Game drawn by mutual agreement} 1/2-1/2

[Event "ICC tourney 2069 (15 5)"]
[Site "Internet Chess Club"]
[Date "2020.10.18"]
[Round "7"]
[White "sasha-zlodorev"]
[Black "ANJANIPODICC"]
[Result "1-0"]
[ICCResult "Black checkmated"]
[WhiteElo "1238"]
[BlackElo "1006"]
[Opening "Bird's opening"]
[ECO "A02"]
[NIC "VO.07"]
[Time "18:06:22"]
[TimeControl "900+5"]

1. f4 e6 2. Nf3 Bc5 3. d4 Bd6 4. e4 e5 5. fxe5 Bb4+ 6. c3 Be7 7. Bd3 f6 8.
O-O fxe5 9. Nxe5 d6 10. Qh5+ g6 11. Nxg6 hxg6 12. Qxh8 Bf6 13. Qxg8+ Kd7 14.
Qxd8+ Kxd8 15. Rxf6 Ke7 16. Bg5 Be6 17. Nd2 d5 18. e5 c5 19. Bxg6 cxd4 20.
cxd4 Nd7 21. Rf7+ Ke8 22. Re7+ Kd8 23. Rxe6+ Kc7 24. Rc1+ Kb8 25. Re8#
{Black checkmated}
1-0

[Event "ICC tourney 2069 (15 5)"]
[Site "Internet Chess Club"]
[Date "2020.10.18"]
[Round "7"]
[White "Nani123"]
[Black "harkerchess"]
[Result "0-1"]
[ICCResult "White checkmated"]
[WhiteElo "1067"]
[BlackElo "1918"]
[Opening "Caro-Kann: exchange variation"]
[ECO "B13"]
[NIC "CK.02"]
[Time "18:02:53"]
[TimeControl "900+5"]

1. e4 c6 2. d4 d5 3. exd5 cxd5 4. Bd3 Nf6 5. Nf3 Nc6 6. c3 g6 7. Nbd2 Bg7 8.
h3 O-O 9. O-O Nd7 10. Re1 Re8 11. Qb3 Nb6 12. Ne5 Nxe5 13. dxe5 Qc7 14. Nf3
h6 15. h4 Nc4 16. Bxc4 dxc4 17. Qc2 Bf5 18. Qe2 Bd3 19. Qe3 Rad8 20. Bd2 b6
21. Nd4 Rd5 22. f4 Qc5 23. e6 f5 24. Nf3 Qd6 25. Ne5 Kh7 26. Nf7 Qc6 27.
Rac1 Be4 28. Red1 Qxe6 29. Ne5 Red8 30. Nf3 Qd6 31. Nh2 Rxd2 32. Re1 Rxg2+
33. Kf1 Rxh2 34. Qg1 Bd3+ 35. Re2 Rxe2 36. Rd1 Qxf4+ 37. Qf2 Qxf2#
{White checkmated}
0-1

[Event "ICC tourney 2069 (15 5)"]
[Site "Internet Chess Club"]
[Date "2020.10.18"]
[Round "7"]
[White "Aquaman"]
[Black "Yeeterino0103"]
[Result "1-0"]
[ICCResult "Black forfeits on time"]
[WhiteElo "1210"]
[BlackElo "1209"]
[Opening "Nimzovich-Larsen attack: classical variation"]
[ECO "A01"]
[NIC "VO.08"]
[Time "18:02:46"]
[TimeControl "900+5"]

1. b3 d5 2. Bb2 Nf6 3. e3 Bf5 4. Ne2 e6 5. Ng3 Bg6 6. Be2 h6 7. O-O Be7 8.
d3 O-O 9. Nd2 c6 10. Nf3 Nbd7 11. c4 {Black forfeits on time} 1-0

[Event "ICC tourney 2069 (15 5)"]
[Site "Internet Chess Club"]
[Date "2020.10.18"]
[Round "7"]
[White "Joselin2k16"]
[Black "RM26"]
[Result "1-0"]
[ICCResult "Black checkmated"]
[WhiteElo "1262"]
[BlackElo "1321"]
[Opening "English opening"]
[ECO "A10"]
[NIC "EO.64"]
[Time "18:03:00"]
[TimeControl "900+5"]

1. c4 g6 2. Nc3 Bg7 3. g3 c6 4. Bg2 d5 5. b3 d4 6. Ne4 d3 7. Nc3 Bf5 8. Bb2
e6 9. e4 Qd6 10. exf5 Qe5+ 11. Be4 Nd7 12. Nf3 Qa5 13. O-O Ndf6 14. Re1
O-O-O 15. a3 Nxe4 16. Rxe4 Qxf5 17. Rf4 Qh3 18. Rxf7 Bf6 19. b4 Nh6 20. Rxf6
Ng4 21. Rxe6 Rhe8 22. Rxe8 Rxe8 23. Qa4 Rf8 24. Qxa7 Rxf3 25. Qa8+ Kc7 26.
Qa5+ Kc8 27. Qa8+ Kd7 28. Qxb7+ Kd6 29. Ne4+ Ke6 30. Qxc6+ Ke7 31. Qd6+ Kf7
32. Qd5+ Ke8 33. Nf6+ Nxf6 34. Qxf3 Ng4 35. Qe4+ Kd7 36. Qf5+ Ke7 37. Qe4+
Kd7 38. Qxd3+ Ke7 39. Qe4+ Kd7 40. Qd3+ Ke7 41. Re1+ Kf7 42. Qd5+ Kf8 43.
Qd6+ Kf7 44. Re7+ Kf8 45. Qd8# {Black checkmated} 1-0

[Event "ICC tourney 2069 (15 5)"]
[Site "Internet Chess Club"]
[Date "2020.10.18"]
[Round "7"]
[White "chessprogidy"]
[Black "carokantor"]
[Result "0-1"]
[ICCResult "White checkmated"]
[WhiteElo "1438"]
[BlackElo "1677"]
[Opening "Queen's pawn: London system"]
[ECO "A45"]
[NIC "QP.07"]
[Time "18:02:58"]
[TimeControl "900+5"]

1. d4 Nf6 2. Bf4 d6 3. Nf3 g6 4. h3 Bg7 5. e3 c6 6. Be2 O-O 7. O-O Bf5 8.
Nbd2 Ne4 9. c3 Nd7 10. a3 Nxd2 11. Qxd2 Nf6 12. Bh2 Re8 13. Nh4 Be6 14. Nf3
Ne4 15. Qc2 Bf5 16. Bd3 d5 17. Nd2 Nxd2 18. Qxd2 Bxd3 19. Qxd3 e5 20. Qc2 e4
21. a4 f5 22. a5 g5 23. a6 b5 24. b3 Rf8 25. c4 f4 26. cxd5 cxd5 27. Qc5 Qd7
28. Qb4 f3 29. g4 h5 30. Kh1 hxg4 31. hxg4 Rf6 32. Rg1 Rh6 33. Rg3 Bf8 34.
Qd2 Bd6 35. Rag1 Kf7 36. Ra1 Rah8 37. Kg1 Rxh2 38. Kf1 Bxg3 39. fxg3 Rxd2
40. Kg1 Rg2+ 41. Kf1 Rh1# {White checkmated} 0-1

[Event "ICC tourney 2069 (15 5)"]
[Site "Internet Chess Club"]
[Date "2020.10.18"]
[Round "7"]
[White "arjun052412"]
[Black "Amiral"]
[Result "0-1"]
[ICCResult "White checkmated"]
[WhiteElo "993"]
[BlackElo "1282"]
[Opening "King's Indian: London system"]
[ECO "A48"]
[NIC "QP.03"]
[Time "18:02:50"]
[TimeControl "900+5"]

1. d4 Nf6 2. Nf3 g6 3. Bf4 Bg7 4. e3 d5 5. Be2 O-O 6. O-O Re8 7. c4 dxc4 8.
Bxc4 c5 9. dxc5 Qxd1 10. Rxd1 Ne4 11. Nbd2 Nxc5 12. Ng5 e6 13. Nde4 Nxe4 14.
Nxe4 Bxb2 15. Rab1 Bg7 16. Rd3 Nc6 17. Bb5 Rd8 18. Rbd1 Rxd3 19. Rxd3 f5 20.
Bxc6 bxc6 21. Rd8+ Kf7 22. Nd6+ Ke7 23. Bg5+ Bf6 24. Bxf6+ Kxf6 25. Rf8+ Ke7
26. Rh8 Kxd6 27. Rxh7 Bd7 28. Rh6 Be8 29. Rh8 Ke7 30. Rh7+ Bf7 31. Kf1 Rc8
32. f3 c5 33. e4 c4 34. Ke1 c3 35. Kd1 fxe4 36. fxe4 Kf6 37. Rh4 Kg5 38. g3
e5 39. Rh7 Bxa2 40. Kc2 Bb3+ 41. Kc1 a5 42. Ra7 a4 43. h4+ Kg4 44. h5 Kxh5
45. Kb1 c2+ 46. Kc1 Rd8 47. Ra6 Rd1+ 48. Kb2 c1=Q# {White checkmated} 0-1